Map: Automaton LE

Players

HeroMarine

  • Race: Terran Terran
  • Spawn Location: 9:00

Serral - Winner!

  • Race: Zerg Zerg
  • Spawn Location: 3:00

Event: 2019 WCS Winter Europe

VOD

https://www.youtube.com/watch?v=EhCJ3cg9tv4&t=360

Description

Time

  • Played on: April 7, 2019, 2:41 p.m.
  • Length: 29:23

All games in this series

Show
View Real Time Build Order
Export as new Build Order

HeroMarine Terran 

Build Orders: Gas First Reaper Expand, Mech, Banshee Rush 

Get SALT Encoding   

  12  0:00  SCV  
  13  0:12  SCV  
  14  0:18  Supply Depot  
  14  0:24  SCV  
  15  0:29  Refinery  
  15  0:39  SCV  
  16  0:45  Barracks  
  16  0:51  SCV  
  17  1:03  SCV  
  18  1:16  SCV  
  19  1:32  Orbital Command, Reaper  
  20  1:45  Command Center  
  20  1:56  Factory  
  20  2:00  SCV  
  21  2:06  Barracks Reactor  
  21  2:12  SCV  
  22  2:16  Supply Depot  
  22  2:19  Refinery  
  22  2:24  SCV  
  23  2:37  SCV  
  24  2:44  Starport  
  24  2:49  SCV  
  24  2:50  Hellion x2  
  29  2:52  Barracks Tech Lab  
  29  3:01  Orbital Command  
  29  3:04  SCV  
  30  3:12  Hellion  
  32  3:16  Hellion  
  32  3:18  SCV  
  36  3:27  Cloaking Field  
  36  3:28  SCV  
  36  3:30  SCV, Barracks Tech Lab  
  37  3:36  Banshee  
  37  3:41  Supply Depot  
  40  3:44  SCV  
  40  3:45  SCV  
  42  3:56  SCV  
  42  3:57  SCV  
  42  3:59  Marine x2  
  49  4:02  Siege Tank  
  49  4:03  Supply Depot  
  49  4:08  SCV  
  49  4:09  SCV  
  51  4:16  Marine  
  51  4:17  Marine  
  51  4:20  SCV  
  54  4:24  Banshee  
  54  4:25  SCV  
  54  4:27  Supply Depot  
  58  4:32  SCV  
  58  4:37  SCV  
  60  4:44  Command Center  
  60  4:46  SCV  
  60  4:48  Marine x2  
  60  4:49  Siege Tank, SCV  
  67  4:56  Supply Depot  
  67  4:58  SCV  
  68  5:01  SCV  
  68  5:05  Armory  
  68  5:06  Refinery x2  
  69  5:10  SCV  
  70  5:17  Marine x2, Banshee, SCV  
  76  5:22  SCV  
  77  5:30  SCV  
  78  5:38  Factory  
  78  5:44  SCV x2  
  78  5:45  Factory  
  78  5:54  Terran Vehicle And Ship Armor Level 1  
  78  5:55  Hellion x2, Supply Depot, Orbital Command  
  78  5:56  SCV x2  
  84  6:04  Supply Depot  
  84  6:08  SCV x2  
  86  6:15  Command Center  
  86  6:19  Starport Tech Lab  
  86  6:20  SCV x2  
  86  6:23  Orbital Command  
  88  6:30  Cyclone x2, Mag-Field Accelerator  
  88  6:31  Hellion  
  88  6:32  SCV x2  
  98  6:33  Hellion  
  98  6:38  Refinery  
  100  6:40  Refinery  
  100  6:44  Factory, SCV x2  
  100  6:47  Factory  
  102  6:55  SCV  
  102  6:56  Supply Depot, SCV x2  
  102  6:58  Supply Depot  
  104  7:07  Cyclone  
  104  7:08  Barracks Reactor  
  107  7:15  Engineering Bay  
  107  7:16  Supply Depot  
  107  7:17  Cyclone  
  107  7:18  SCV x2  
  107  7:19  SCV  
  113  7:28  Starport Reactor  
  113  7:30  SCV x2  
  113  7:31  SCV  
  116  7:37  Cyclone, Hellion x3  
  116  7:39  Cyclone  
  116  7:40  Hellion x2  
  116  7:42  SCV x2  
  116  7:43  SCV  
  129  7:51  Starport  
  129  7:52  Fusion Core, Refinery  
  129  7:53  Sensor Tower  
  129  7:54  SCV x2, Starport  
  129  7:55  Hellion  
  133  8:02  Hellion x2  
  133  8:03  Liberator  
  133  8:05  Supply Depot, Planetary Fortress  
  137  8:06  Supply Depot  
  137  8:09  SCV x2, Refinery  
  137  8:10  Liberator  
  137  8:11  SCV  
  140  8:21  SCV x2  
  140  8:23  SCV  
  146  8:32  Supply Depot, Starport Reactor  
  146  8:33  Supply Depot, Starport Tech Lab  
  149  8:37  Terran Vehicle And Ship Armor Level 2, Armory  
  149  8:40  Hellion  
  149  8:41  Hellion  
  153  8:45  Hellion x2, Liberator  
  153  8:47  Liberator  
  156  8:49  Infernal Pre-Igniter  
  156  8:51  Advanced Ballistics  
  156  9:01  Hellion x2  
  163  9:04  Liberator x2  
  163  9:07  Liberator  
  163  9:08  Hellion x2  
  170  9:10  Hellion  
  171  9:19  Command Center  
  177  9:27  Hellion x2  
  177  9:28  Hellion  
  186  9:33  Supply Depot  
  186  9:34  Supply Depot  
  186  9:37  Liberator  
  186  9:39  Terran Vehicle Weapons Level 1  
  186  9:45  Hellion  
  188  9:53  Missile Turret  
  188  9:55  Hellion x4  
  198  10:12  Factory  
  197  10:14  Factory  
  197  10:18  Cyclone x2  
  197  10:19  Liberator x2  
  197  10:22  Liberator  
  197  10:24  Cyclone, Hellion  
  197  10:25  Hellion  
  197  10:26  Hellion  
  197  10:27  Hellion, SCV x2  
  197  10:28  SCV x2  
  181  10:31  Viking x2  
  194  10:46  Hellion x2  
  195  11:01  Viking x2, Factory Tech Lab  
  195  11:02  Factory Tech Lab  
  195  11:03  Planetary Fortress  
  197  11:06  SCV x2  
  199  11:25  Terran Vehicle And Ship Armor Level 3  
  199  11:32  Hellion x4  
  190  11:39  Hellion x3  
  198  11:43  Liberator  
  198  11:46  Hellion  
  194  11:47  Cyclone x3  
  194  11:48  Cyclone x2  
  189  12:04  Hellion x3  
  189  12:08  Command Center, Refinery x2  
  195  12:10  Command Center  
  195  12:19  Cyclone x2  
  195  12:20  Cyclone  
  194  12:30  Liberator x2  
  194  12:31  Missile Turret  
  194  12:32  Sensor Tower  
  194  12:33  Terran Ship Weapons Level 1  
  194  12:36  SCV  
  198  12:52  Liberator x2  
  186  13:08  Hellion x4  
  191  13:16  Liberator x2  
  191  13:17  Liberator  
  180  13:29  Siege Tank x5  
  183  13:35  Liberator  
  183  13:37  Hellion x2  
  190  13:41  Orbital Command  
  190  13:50  Hellion  
  190  13:51  Hellion  
  197  14:01  Siege Tank  
  198  14:04  Viking  
  198  14:09  Terran Vehicle Weapons Level 2  
  200  14:12  Command Center  
  200  14:14  Refinery x2  
  200  14:15  Command Center  
  200  14:19  Planetary Fortress  
  197  14:26  Viking x3  
  197  14:29  Siege Tank  
  197  14:31  Siege Tank  
  198  14:34  Viking  
  200  14:43  Orbital Command  
  192  14:58  Viking x4  
  192  14:59  Siege Tank x2  
  172  15:00  Siege Tank  
  172  15:01  Siege Tank  
  172  15:03  Siege Tank, SCV x4  
  172  15:04  Viking  
  172  15:05  SCV  
  185  15:15  SCV x2  
  185  15:16  SCV  
  188  15:23  Neosteel Armor  
  188  15:27  Orbital Command  
  188  15:28  Viking x4  
  188  15:34  Viking  
  179  15:38  Cyclone x4  
  191  15:46  Cyclone, Hellion  
  191  15:47  Hellion x2  
  186  15:58  Viking  
  186  16:02  Orbital Command, Refinery  
  188  16:06  Command Center  
  188  16:14  Ghost Academy, Cyclone x2  
  188  16:15  Cyclone x2, Barracks  
  188  16:16  Barracks Tech Lab  
  200  16:33  Terran Ship Weapons Level 2, Terran Vehicle Weapons Level 3  
  193  16:52  Thor x5  
  193  16:54  Hellion  
  196  17:02  Ghost  
  196  17:03  Hi-Sec Auto Tracking, Barracks Tech Lab  
  198  17:19  Orbital Command  
  198  17:26  Command Center  
  198  17:31  Liberator x2  
  198  17:32  Liberator x3  
  173  17:46  Cyclone x2  
  197  17:52  Thor  
  197  17:54  Cyclone  
  200  18:07  Command Center  
  199  18:50  Missile Turret  
  199  18:53  Missile Turret  
  199  18:56  Missile Turret  
  199  18:58  Missile Turret  
  197  19:06  Ghost  
  199  19:18  Sensor Tower  
  199  19:22  Refinery  
  199  19:26  Planetary Fortress  
  199  19:27  Refinery  
  199  19:31  Orbital Command  
  197  19:40  Terran Ship Weapons Level 3  
  197  19:44  Thor  
  197  19:46  Hellion x3  
  192  20:35  Hellion x3  
  195  20:38  Hellion  
  195  20:40  Liberator  
  195  20:41  Hellion x3  
  192  20:56  Cyclone x2  
  196  21:07  Liberator  
  196  21:10  Cyclone x2  
  196  21:11  Hellion, Command Center  
  179  21:22  Hellion x3  
  179  21:23  Liberator  
  182  21:41  Hellion  
  182  21:42  Cyclone  
  182  21:43  Hellion  
  182  21:45  Thor x2, Factory  
  195  21:47  Factory  
  195  21:50  Liberator  
  195  21:53  Ghost  
  187  22:52  Thor x2  
  199  23:10  Orbital Command  
  197  23:27  Factory Tech Lab x2  
  194  23:37  Missile Turret x2  
  194  23:38  Missile Turret  
  194  23:41  Orbital Command  
  194  23:42  Siege Tank  
  174  24:23  Thor x2  
  174  24:24  Thor x5  
  151  24:25  Viking x2  
  167  24:32  Hellion x2  
  167  24:38  Hellion x2, Starport x3  
  163  24:39  Hellion x3, Starport  
  157  24:53  Hellion x2  
  157  24:55  Viking x2  
  157  24:59  Hellion  
  167  25:03  Hellion  
  167  25:06  Thor x2  
  167  25:07  Thor  
  181  25:08  Planetary Fortress, Refinery  
  181  25:11  Liberator x2  
  181  25:13  Missile Turret, Liberator  
  181  25:14  Liberator x2  
  197  25:28  Refinery  
  184  25:48  Hellion x4  
  188  25:54  Liberator x2  
  188  26:05  Hellion x2  
  188  26:06  Hellion  
  197  26:16  Starport Reactor  
  197  26:17  Starport Reactor  
  197  26:18  Starport Reactor  
  199  26:38  Sensor Tower  
  199  27:02  Missile Turret  
  199  27:04  Missile Turret  
  185  27:37  Thor x3  
  185  27:42  Liberator x6  
  185  27:43  Hellion  
  185  27:44  Hellion  
  189  27:45  Hellion x2  
  162  27:52  Thor x2  
  162  27:53  Hellion x2  
  160  28:01  Viking x2  
  160  28:03  Refinery  
  160  28:05  Hellion x2  
  185  28:07  Hellion x2  
  185  28:12  Viking  
  187  28:14  Thor  
  187  28:15  Hellion  
  185  28:21  Hellion x3  
  182  28:46  Hellion x2  
  182  28:47  Hellion x2  
  148  29:02  Hellion  
Show
View Real Time Build Order
Export as new Build Order

Serral Zerg - Winner!

Build Orders: Hatch First 

Get SALT Encoding   

  12  0:00  Drone  
  13  0:12  Overlord  
  13  0:18  Drone  
  14  0:30  Drone x2  
  16  0:48  Hatchery  
  15  0:52  Drone  
  15  0:56  Drone  
  17  0:59  Drone  
  18  1:10  Extractor  
  17  1:15  Spawning Pool  
  17  1:18  Drone  
  17  1:21  Drone  
  18  1:28  Drone  
  19  1:38  Drone  
  20  1:48  Overlord  
  20  2:01  Queen x2  
  20  2:02  Zergling x4  
  26  2:10  Drone  
  26  2:11  Drone  
  26  2:13  Metabolic Boost  
  28  2:21  Drone x2  
  30  2:34  Overlord  
  31  2:37  Queen, Drone  
  31  2:43  Drone x2  
  35  2:53  Drone  
  36  3:02  Hatchery  
  36  3:04  Drone x2  
  37  3:06  Drone  
  38  3:15  Queen  
  38  3:17  Overlord  
  38  3:19  Zergling x2  
  41  3:21  Drone  
  41  3:22  Drone  
  41  3:24  Drone  
  44  3:29  Overlord  
  44  3:37  Lair  
  44  3:38  Drone  
  44  3:39  Zergling x2  
  46  3:41  Drone x2  
  46  3:45  Zergling x2  
  49  3:49  Drone x2  
  49  3:51  Drone  
  49  3:54  Queen  
  54  4:00  Zergling x2  
  54  4:01  Baneling Nest  
  54  4:03  Overlord  
  54  4:07  Overlord  
  54  4:08  Drone  
  55  4:12  Zergling x2  
  55  4:14  Drone x2  
  55  4:16  Drone  
  59  4:18  Spore Crawler  
  59  4:21  Queen  
  59  4:23  Zergling x2  
  61  4:27  Zergling x2  
  61  4:29  Zergling x2  
  61  4:31  Drone x2  
  64  4:36  Overseer  
  64  4:38  Zergling x2, Overlord  
  65  4:39  Drone  
  65  4:44  Extractor x2  
  65  4:45  Drone x2  
  66  4:47  Drone  
  66  4:48  Drone  
  69  4:52  Drone  
  69  4:53  Drone x2  
  69  4:56  Drone x2  
  72  5:01  Drone x2  
  72  5:04  Drone  
  72  5:05  Drone x2  
  77  5:10  Drone  
  77  5:11  Drone  
  77  5:12  Extractor  
  78  5:16  Drone  
  78  5:20  Drone x3  
  80  5:22  Centrifical Hooks  
  80  5:23  Drone x2  
  80  5:25  Extractor  
  80  5:26  Drone, Extractor  
  81  5:33  Drone x4  
  86  5:36  Drone  
  86  5:37  Evolution Chamber  
  86  5:39  Evolution Chamber, Overseer  
  86  5:40  Drone x4  
  89  5:48  Zergling x2  
  90  5:50  Overlord x2  
  90  5:56  Hatchery  
  89  5:58  Zergling x2  
  89  6:00  Baneling  
  89  6:01  Baneling x5  
  89  6:04  Overlord  
  90  6:07  Spore Crawler  
  90  6:08  Spore Crawler  
  90  6:09  Zergling x8  
  92  6:13  Zergling x4  
  92  6:17  Zerg Missile Weapons Level 1  
  97  6:18  Zerg Melee Weapons Level 1  
  97  6:24  Drone x6  
  97  6:25  Hydralisk Den, Extractor  
  98  6:26  Drone x2  
  98  6:28  Drone  
  101  6:35  Spore Crawler  
  101  6:36  Drone x3  
  103  6:43  Infestation Pit  
  103  6:44  Drone  
  103  6:45  Drone x2  
  105  6:49  Drone  
  105  6:51  Overlord x2  
  106  6:58  Drone, Extractor  
  104  7:01  Drone  
  104  7:02  Drone  
  104  7:04  Spore Crawler  
  104  7:05  Baneling x5, Extractor  
  104  7:06  Pneumatized Carapace, Grooved Spines  
  104  7:08  Queen  
  105  7:11  Drone  
  105  7:12  Drone x2  
  105  7:15  Overlord x2  
  108  7:20  Hive, Hydralisk  
  108  7:21  Overseer  
  110  7:23  Hydralisk  
  110  7:29  Hydralisk x3  
  118  7:33  Overlord  
  118  7:38  Drone x5  
  118  7:39  Drone x2  
  118  7:43  Overlord  
  125  7:48  Hatchery  
  124  7:51  Overseer  
  124  7:52  Hydralisk  
  124  7:58  Overlord, Hydralisk x3  
  126  8:04  Hydralisk x3  
  138  8:13  Zerg Missile Weapons Level 2  
  138  8:14  Spine Crawler  
  138  8:15  Overlord x3  
  138  8:18  Muscular Augments  
  137  8:23  Drone  
  137  8:24  Drone x5  
  137  8:26  Drone x2  
  145  8:31  Extractor  
  145  8:32  Spore Crawler, Viper x3  
  145  8:33  Viper  
  154  8:34  Extractor  
  154  8:36  Viper  
  154  8:39  Overlord x2  
  155  8:46  Spine Crawler, Hydralisk x2  
  158  8:49  Hydralisk x2  
  162  9:00  Drone x3  
  165  9:04  Viper x3  
  165  9:05  Evolution Chamber  
  165  9:07  Evolution Chamber x2  
  165  9:08  Hydralisk  
  165  9:09  Zergling x2  
  173  9:18  Drone  
  173  9:19  Hydralisk x2  
  173  9:20  Zergling x12  
  184  9:25  Spire  
  184  9:27  Viper  
  180  9:42  Viper  
  180  9:43  Hydralisk x4  
  180  9:45  Hatchery  
  190  9:46  Baneling x5  
  190  9:53  Zerg Ground Armor Level 1  
  190  9:54  Hydralisk x2  
  190  9:55  Zergling x8  
  190  9:59  Hydralisk  
  194  10:16  Zergling x2  
  194  10:17  Zergling x12  
  196  10:27  Hydralisk x12  
  194  10:34  Viper  
  197  10:38  Zergling x2  
  197  10:39  Zergling x2  
  199  10:43  Zerg Missile Weapons Level 3  
  199  10:45  Greater Spire  
  199  10:56  Extractor  
  198  10:57  Extractor  
  198  10:59  Baneling x4  
  197  11:07  Spore Crawler  
  197  11:09  Hydralisk x3  
  198  11:16  Baneling x7  
  184  11:47  Drone x5  
  184  11:48  Drone x3  
  184  11:50  Drone x4  
  194  12:03  Zerg Melee Weapons Level 2  
  194  12:04  Zergling x8  
  194  12:05  Zergling x2  
  194  12:06  Zergling x6  
  199  12:10  Hydralisk x2  
  194  12:23  Hydralisk x2  
  194  12:28  Baneling x16  
  198  12:30  Zerg Flyer Weapons Level 1  
  198  12:32  Hatchery  
  198  12:33  Hatchery  
  198  12:36  Overlord  
  196  12:38  Overlord  
  196  12:40  Overlord, Spine Crawler  
  196  12:42  Overseer  
  196  12:43  Spine Crawler, Overseer  
  193  12:47  Overlord  
  193  12:48  Hydralisk x2  
  186  13:08  Viper x2  
  186  13:09  Hydralisk  
  186  13:10  Hydralisk x3  
  197  13:18  Spire  
  194  13:20  Zerg Ground Armor Level 2  
  188  13:29  Viper x2  
  191  13:48  Extractor  
  191  13:49  Extractor  
  191  13:50  Spore Crawler  
  191  13:51  Zergling x24  
  191  13:53  Overlord  
  191  13:54  Spine Crawler  
  197  14:15  Baneling x24  
  197  14:16  Hydralisk  
  197  14:17  Zergling x2  
  197  14:20  Zerg Melee Weapons Level 3  
  186  15:02  Drone x3, Hydralisk x2  
  186  15:03  Zergling x12  
  186  15:05  Zerg Flyer Armor Level 1, Zerg Flyer Weapons Level 2  
  199  15:18  Pathogen Glands, Burrow  
  199  15:22  Spine Crawler  
  199  15:23  Spine Crawler  
  199  15:24  Overlord  
  199  15:26  Spore Crawler  
  190  15:37  Baneling x12, Hydralisk x5  
  200  15:45  Zerg Ground Armor Level 3  
  199  16:15  Neural Parasite  
  199  16:38  Overlord  
  197  16:51  Hydralisk x6  
  197  16:52  Hydralisk x5  
  198  17:06  Zergling x4  
  200  17:10  Zerg Flyer Armor Level 2  
  200  17:12  Overlord  
  176  17:46  Viper x4  
  176  17:51  Corruptor x8  
  184  17:56  Zerg Flyer Weapons Level 3  
  200  18:18  Baneling  
  200  18:20  Lair  
  200  18:50  Spore Crawler x3  
  200  18:51  Spore Crawler  
  200  18:52  Spore Crawler  
  200  18:53  Spore Crawler x4  
  200  18:54  Spore Crawler  
  200  18:55  Brood Lord x5  
  200  19:06  Overseer x2  
  200  19:25  Hatchery  
  200  19:27  Nydus Network  
  198  19:35  Brood Lord  
  200  19:45  Overseer  
  200  19:49  Hatchery  
  198  20:02  Overseer  
  198  20:03  Overseer x2  
  198  20:14  Nydus Canal  
  183  20:44  Hydralisk x5  
  199  20:59  Corruptor x7  
  177  21:23  Zergling x2, Hydralisk x2  
  177  21:24  Zergling x10  
  161  21:33  Brood Lord x7  
  161  21:34  Corruptor x3  
  161  21:35  Corruptor x4  
  161  21:36  Infestor x4  
  161  21:38  Zergling x6  
  198  21:41  Zerg Flyer Armor Level 3  
  198  21:42  Drone  
  199  21:47  Spore Crawler x4, Drone x2  
  199  21:48  Spore Crawler x3  
  199  21:51  Drone x3  
  197  22:04  Drone x3  
  197  22:06  Nydus Canal  
  193  22:30  Viper x2  
  197  22:42  Corruptor  
  198  23:16  Brood Lord  
  198  23:19  Overseer  
  200  23:23  Nydus Canal  
  200  23:30  Nydus Canal  
  199  23:42  Extractor  
  199  23:44  Extractor  
  196  23:48  Drone x2  
  196  23:49  Drone  
  196  23:50  Drone x2  
  196  24:04  Infestor x2  
  178  24:19  Corruptor x10  
  187  24:25  Corruptor x3  
  171  24:43  Viper x3  
  171  24:45  Brood Lord x4  
  188  24:47  Spine Crawler  
  188  24:48  Spine Crawler  
  188  24:49  Hydralisk x4  
  188  24:50  Zergling x10  
  199  25:03  Hatchery  
  198  25:20  Baneling x4  
  183  25:30  Drone x3  
  183  25:31  Drone x15  
  195  25:43  Zergling x4  
  195  25:44  Zergling x6  
  199  25:54  Baneling  
  198  26:24  Spore Crawler  
  198  26:25  Spore Crawler, Viper  
  196  26:26  Spore Crawler  
  196  26:27  Spore Crawler x2, Viper  
  196  26:32  Spore Crawler  
  198  26:33  Overseer x2  
  198  26:34  Spore Crawler x2  
  196  26:40  Brood Lord  
  198  26:48  Spine Crawler  
  198  26:49  Spine Crawler  
  198  26:51  Spine Crawler, Drone x3  
  198  26:52  Spine Crawler  
  198  26:53  Drone x2  
  180  27:57  Viper x3  
  180  28:05  Drone x2  
  180  28:06  Drone x4  
  180  28:07  Drone x3  
  180  28:10  Zergling x20  
  196  28:13  Brood Lord  
  196  28:19  Brood Lord  
  198  28:20  Brood Lord  
  198  28:25  Zergling x2  
  198  28:26  Baneling x4  
Tags
 
Add a new tag
Caveats
  • Supply blocks, unpowered buildings, or Contaminate may cause inaccurate times.
  • Supply counts are checked every 10 seconds.